 Dungeon Crawl Stone Soup version 0.30-b1-2-g02819fbbbe (webtiles) character file.

Game seed: 10958212085092568139

3593 LLlMATKO the Fighter (level 9, -12/83 HPs)
             Began as a Minotaur Berserker on Oct 31, 2023.
             Was a Priest of Trog.
             Hit by a large rock thrown by a cyclops (34 damage)
             ... on level 8 of the Dungeon.
             The game lasted 00:04:27 (6091 turns).

LLlMATKO the Fighter (Minotaur Berserker)           Turns: 6091, Time: 00:04:28

Health: -12/83     AC: 22    Str: 25    XL:     9   Next: 85%
Magic:  8/8        EV: 10    Int:  4    God:    Trog [***...]
Gold:   334        SH:  0    Dex: 11    Spells: 8/8 levels left

rFire   . . .        I - +4 battleaxe
rCold   . . .        (shield currently unavailable)
rNeg    . . .        A - +0 plate armour
rPois   .            e - +2 hat
rElec   .            j - +2 cloak
rCorr   .            w - +0 pair of gloves
SInv    .            F - +0 pair of boots
Will    .....        (no amulet) Stlth
                     (no ring)
HPRegen 0.33/turn    (no ring)
MPRegen 0.11/turn

%: no passive effects
@: on berserk cooldown, slowed, very slow
A: horns 2, retaliatory headbutt
a: Renounce Religion, Berserk, Trog's Hand


You were on level 8 of the Dungeon.
You worshipped Trog.
Trog was most pleased with you.
You visited 1 branch of the dungeon, and saw 8 of its levels.

You collected 334 gold pieces.

Inventory:

Hand Weapons
 a - a +0 hand axe
 m - a +0 broad axe
 I - a +4 battleaxe (weapon)
Missiles
 r - 15 poisoned darts (quivered)
Armour
 e - a +2 hat (worn)
 j - a +2 cloak (worn)
 w - a +0 pair of gloves (worn)
 A - a +0 plate armour (worn)
 F - a +0 pair of boots (worn)
Jewellery
 b - a ring of flight
 g - a ring of fire
 u - an amulet of magic regeneration
 v - a ring of positive energy
 y - a ring of protection from cold
 C - a ring of fire
 J - an amulet of the acrobat
Wands
 G - a wand of charming (14)
 H - a wand of iceblast (8)
 K - a wand of light (11)
Scrolls
 f - 2 scrolls of magic mapping {unknown}
 h - 2 scrolls of poison
 i - 2 scrolls of fog {unknown}
 k - 3 scrolls of amnesia {unknown}
 l - a scroll of brand weapon {unknown}
 n - a scroll of noise {unknown}
 p - 8 scrolls of identify {unknown}
 t - a scroll of immolation {unknown}
 x - 4 scrolls of teleportation {unknown}
 L - a scroll of silence {unknown}
Potions
 c - 2 potions of lignification {unknown}
 d - a potion of resistance {unknown}
 o - a potion of mutation {unknown}
 q - 2 potions of heal wounds {unknown}
 s - 8 potions of curing {unknown}
 z - a potion of degeneration {unknown}
 B - 2 potions of ambrosia {unknown}
 D - a potion of cancellation {unknown}
 E - a potion of might {unknown}


   Skills:
 + Level 9.3 Fighting
 + Level 9.3 Axes
 + Level 8.8 Armour
 + Level 8.0 Dodging


You had 8 spell levels left.
You didn't know any spells.
Your spell library was empty.

Dungeon Overview and Level Annotations

Branches:
Dungeon (8/15)             Temple (0/1) D:6
   Lair: D:8-11

Altars:
Ashenzari
Cheibriados
Fedhas
Trog


Innate Abilities, Weirdness & Mutations

You have a pair of horns on your head.
You reflexively headbutt those who attack you in melee.


Message History

You hit the boulder beetle. The boulder beetle hits you!!
The boulder beetle stops rolling and uncurls.
Your Dodging skill increases to level 8!
Unknown command.
You slash the boulder beetle!
The boulder beetle is lightly wounded.
The boulder beetle bites you but does no damage.
You hit the boulder beetle.
The boulder beetle is lightly wounded.
You are no longer berserk.
You are exhausted.
You feel yourself slow down.
The boulder beetle bites you but does no damage.
You slash the boulder beetle!
The boulder beetle is moderately wounded.
The boulder beetle bites you! The boulder beetle bites you.
* * * LOW HITPOINT WARNING * * *
You hear a shout!
Unknown command.
An orc comes into view. It is wielding a +0 trident.
The orc shouts!
The orc hits you but does no damage.
The air fills with toxic fumes!
As you read the scroll labelled NULIDEL RO XIM, it crumbles to dust.
It was a scroll of poison.
The orc barely misses you. You furiously retaliate!
You headbutt the orc.
The boulder beetle bites you but does no damage.
The orc hits you but does no damage.
The boulder beetle bites you but does no damage.
Really walk into that cloud of poison gas? [Y]es or [N]o only, please.
Really walk into that cloud of poison gas?
Okay, then.
You slash the orc!
You kill the orc!
Trog accepts your kill.
You hit the boulder beetle but do no damage.
The boulder beetle leaps!
The cyclops throws a large rock.
The large rock hits you!!
You die...

#### ##§§. ## #.§§?
§§§ #.#§# #§# #§#§#
#§# ######§#§# #§#
##....)§§§##§§
#...#####§#)###.#
#...# #§@#†..#
#...#####§#°###..#
#......§§§#C§§.#
#....§§§§§#§§§§§.#
#..§§§§§§§#§§§§§B§.
##.§§§§§§§#####§###
#.§§§§§§§# §§§
#.§§§§§§§# ##.
#........#


You could see a boulder beetle and a cyclops.

Vanquished Creatures
  Erica (D:8)
  Sigmund (D:2)
  3 wyverns
  A water moccasin (D:6)
  3 black bears
  2 orc warriors
  An ice beast (D:6)
  2 centaurs (D:7)
  A phantom (D:6)
  A kobold brigand (D:8)
  A bullfrog (D:7)
  A gnoll sergeant (D:8)
  5 scorpions
  4 wights (D:7)
  3 hounds
  2 jellies
  3 orc priests
  2 sleepcaps
  3 iguanas
  8 orc wizards
  Natasha (thrice) (D:2)
  7 gnolls
  5 adders
  2 shadow imps
  A white imp (D:8)
  A worm (D:2)
  A dart slug (D:3)
  24 orcs
  5 endoplasms
  5 goblins
  5 hobgoblins
  8 kobolds
  5 ball pythons
  8 bats
  3 frilled lizards
  3 rats
  A bush (D:7)
135 creatures vanquished.

Notes
Turn   | Place    | Note
-------+----------+-------------------------------------------
     0 | D:1      | LLlMATKO the Minotaur Berserker began the quest for the
                  | Orb.
     0 | D:1      | Reached XP level 1. HP: 19/19 MP: 0/0
   131 | D:1      | Reached XP level 2. HP: 22/27 MP: 1/1
   460 | D:1      | Reached ** piety under Trog
   654 | D:2      | Noticed Natasha
   663 | D:2      | Killed Natasha
   664 | D:2      | Reached XP level 3. HP: 23/33 MP: 2/2
   745 | D:2      | Noticed Sigmund
   751 | D:2      | Killed Sigmund
   752 | D:2      | Reached skill level 5 in Fighting
   752 | D:2      | Reached XP level 4. HP: 42/42 MP: 3/3
   752 | D:2      | Reached XP level 5. HP: 48/48 MP: 4/4
  1103 | D:2      | Noticed Natasha
  1106 | D:2      | Killed Natasha
  1107 | D:2      | Reached skill level 5 in Axes
  1116 | D:2      | Found a faded altar of an unknown god.
  1404 | D:2      | Noticed Natasha
  1409 | D:2      | Killed Natasha
  1410 | D:2      | Reached XP level 6. HP: 53/56 MP: 5/5
  1609 | D:3      | Found a snail-covered altar of Cheibriados.
  2226 | D:4      | Reached skill level 5 in Armour
  2226 | D:4      | Reached XP level 7. HP: 52/62 MP: 6/6
  3129 | D:5      | Entered Level 5 of the Dungeon
  3217 | D:5      | Reached *** piety under Trog
  3229 | D:5      | Reached skill level 5 in Dodging
  3305 | D:5      | Noticed a wyvern
  3308 | D:5      | Killed a wyvern
  3538 | D:5      | Reached XP level 8. HP: 71/71 MP: 7/7
  4424 | D:6      | Found a staircase to the Ecumenical Temple.
  5018 | D:7      | Found a blossoming altar of Fedhas.
  5019 | D:7      | Found a broken altar of Ashenzari.
  5042 | D:7      | Found a bloodstained altar of Trog.
  5061 | D:7      | Reached XP level 9. HP: 81/81 MP: 8/8
  6007 | D:8      | Noticed Erica
  6026 | D:8      | Killed Erica
  6079 | D:8      | Noticed a boulder beetle
  6082 | D:8      | Noticed a cyclops
  6091 | D:8      | Hit by a large rock thrown by a cyclops

Illustrated notes

Levels and vault maps discovered:
D:1:      lightli_arrival_lavapool, layout_basic, wad_floor_pattern_2
D:2:      layout_basic, hellmonk_ecumenical_altar_slurped_away, uniq_sigmund,
          uniq_natasha
D:3:      layout_rooms, mainiacjoe_overflow_tiny_flanked, grunt_decor_clamped
D:4:      layout_basic, minmay_liquid_box
D:5:      layout_loops_cross
D:6:      layout_basic, minmay_temple_entry_glass, kennysheep_generic_room_2
D:7:      layout_cave_pods, gammafunk_temple_overflow_forgotten,
          serial_park_tiny_1
D:8:      layout_basic, minmay_misc_feat_roman, minmay_the_grid_2x2
          [minmay_the_grid_expand, minmay_the_grid_medium_cups,
          minmay_the_grid_large_cup, minmay_the_grid_prize_inner_circle],
          uniq_erica, uniq_gastronok, uniq_joseph

Skill      XL: |  1  2  3  4  5  6  7  8  9 |
---------------+----------------------------+-----
Fighting       | 4 5 6 8 9 |  9.3
Axes           | 4 5 6 7 9 |  9.3
Armour         | 3 4 5 6 7 8 |  8.8
Dodging        | 3 4 5 6 8 |  8.0

Action                     |  1- 3 |  4- 6 |  7- 9 || total
---------------------------+-------+-------+-------++-------
  Melee: Hand axe          |    56 |     6 |       ||    62
         Headbutt          |     5 |    12 |    56 ||    73
         Broad axe         |       |    51 |   209 ||   260
         Punch             |       |       |     2 ||     2
         Battleaxe         |       |       |    48 ||    48
 Invoke: Berserk           |     1 |       |     9 ||    10
    Use: Scroll            |       |       |     1 ||     1
   Stab: Sleeping          |       |       |     1 ||     1
 Armour: Animal skin       |    20 |    22 |    12 ||    54
         Scale mail        |       |       |    21 ||    21
         Plate armour      |       |       |   157 ||   157
  Dodge: Dodged            |    49 |    46 |   128 ||   223
